 Dungeon Crawl Stone Soup version 0.16-a0-4038-ge07a62f (webtiles) character file.

199 Ololoev the Slasher (level 5, 0/42 HPs)
             Began as a Mummy Chaos Knight on Feb 19, 2015.
             Shot with a stone by a goblin (7 damage)
             ... on level 3 of the Dungeon.
             The game lasted 00:03:42 (2115 turns).

Ololoev the Slasher (Mummy Chaos Knight)            Turns: 2115, Time: 00:03:42

Health: 0/42       AC:  6    Str: 15    XL:     5   Next: 48%
Magic:  5/5        EV: 11    Int: 12    God:    Xom [..*...]
Gold:   100        SH:  0    Dex: 11    Spells: 0 memorised, 4 levels left

rFire  x . .     SeeInvis .     a - +0 falchion (chaos)
rCold  + . .     Clarity  .     b - +2 leather armour
rNeg   + + +     SustAb   .     (no shield)
rPois  ∞         Gourm    .     g - +0 helmet
rElec  .         Spirit   .     (no cloak)
rCorr  .         Warding  .     (no gloves)
rMut   .         Stasis   .     (no boots)
MR     .....                    (no amulet)
Stlth  +.........               (no ring)
                                (no ring)

@: not resistant to hostile enchantments, very unstealthy
A: no food or potions, fire vulnerability, restore body, cold resistance 1,
negative energy resistance 3, poison resistance, torment resistance, unbreathing
a: Renounce Religion


You were on level 3 of the Dungeon.
You worshipped Xom.
You were a toy of Xom.
You were not hungry.

You visited 1 branch of the dungeon, and saw 3 of its levels.

You collected 100 gold pieces.

Notes
Turn   | Place    | Note
--------------------------------------------------------------
     0 | D:1      | Ololoev, the Mummy Chaos Knight, began the quest for the Orb.
     0 | D:1      | Reached XP level 1. HP: 18/18 MP: 1/1
     2 | D:1      | Noticed a vine stalker
     2 | D:1      | Noticed a spriggan
     4 | D:1      | Noticed a demonspawn
     4 | D:1      | Noticed a felid
     6 | D:1      | Noticed a merfolk
     6 | D:1      | Noticed a vampire
     8 | D:1      | Noticed a troll
     8 | D:1      | Noticed a centaur
    10 | D:1      | Noticed a dwarf
    10 | D:1      | Noticed an octopode
    12 | D:1      | Noticed an elf
    12 | D:1      | Noticed a ghoul
    14 | D:1      | Noticed a tengu
    16 | D:1      | Noticed a draconian
    16 | D:1      | Noticed a naga
    18 | D:1      | Noticed a gargoyle
    20 | D:1      | Noticed a human
    22 | D:1      | Noticed a demigod
    22 | D:1      | Noticed an ogre
    24 | D:1      | Noticed a minotaur
    26 | D:1      | Noticed a formicid
   107 | D:1      | Reached XP level 2. HP: 17/24 MP: 2/2
   189 | D:1      | XOM: divination: detect items
   196 | D:1      | XOM: silly message
   387 | D:1      | XOM: divination: detect creatures
   503 | D:1      | XOM: potion effect (invisibility)
   624 | D:1      | XOM: harmless Conj miscast
   851 | D:2      | Reached XP level 3. HP: 29/29 MP: 3/3
  1504 | D:2      | Found a glowing golden altar of the Shining One.
  1512 | D:2      | Reached XP level 4. HP: 31/35 MP: 4/4
  1950 | D:3      | Noticed UristMcMason's ghost (average TeAE)
  1950 | D:3      | XOM: divination: magic mapping
  1960 | D:3      | Killed UristMcMason's ghost
  1960 | D:3      | Reached skill level 4 in Long Blades
  1960 | D:3      | Reached XP level 5. HP: 33/41 MP: 5/5
  2033 | D:3      | Found an opulent altar of Gozag.
  2065 | D:3      | Found a burning altar of Makhleb.
  2065 | D:3      | Noticed a balrug
  2115 | D:3      | Shot with a stone by a goblin

Inventory:

Hand weapons
 a - a +0 falchion of chaos (weapon)
Armour
 b - a +2 leather armour (worn)
 g - a +0 helmet (worn)
Scrolls
 c - 2 scrolls of random uselessness {unknown}
 d - a scroll of fear {unknown}
 e - a scroll of teleportation {unknown}
 f - 2 scrolls of identify {unknown}
 h - a scroll of enchant armour {unknown}

Table legend:
 A = Turns spent in this place as a percentage of turns spent in the entire game.
 B = Non-inter-level travel turns spent in this place as a percentage of non-inter-level travel turns spent in the entire game.
 C = Inter-level travel turns spent in this place as a percentage of turns spent in this place.
 D = Turns resting spent in this place as a percentage of non-inter-level travel turns spent in this place.
 E = Turns spent auto-exploring this place as a percentage of non-inter-level travel turns spent in this place.
 F = Non-inter-level travel turns spent in this place divided by the number of levels of this place that you've seen.
                   A       B       C       D       E      F
               +-------+-------+-------+-------+-------+----------------------
         Total | 100.0 | 100.0 |   0.3 |   1.6 |  10.2 | 309.7
       Dungeon | 100.0 | 100.0 |   0.3 |   1.6 |  10.2 | 309.7
               +-------+-------+-------+-------+-------+----------------------


   Skills:
 + Level 3.7 Fighting
 * Level 4.3 Long Blades
 - Level 2.6 Armour
 - Level 0.7 Dodging


You had 4 spell levels left.
You didn't know any spells.

Dungeon Overview and Level Annotations

Branches:
Dungeon (3/15)

Altars:
Gozag
Makhleb
The Shining One


Innate Abilities, Weirdness & Mutations

You do not eat or drink.
Your flesh is vulnerable to fire.
Your flesh is cold resistant.
You are immune to negative energy.
Your system is resistant to poisons.
You are immune to unholy pain and torment.
You can survive without breathing.


Message History

You hit the orc wizard. You burn the orc wizard.
The orc wizard is heavily wounded.
The orc wizard hits you but does no damage.
The goblin barely misses you. The orc barely misses you.
The orc hits you with a hand axe.
You hit the orc wizard but do no damage.
The orc wizard is moving more slowly.
The orc wizard is heavily wounded.
The goblin hits you but does no damage. The orc wizard barely misses you.
The goblin closely misses you. The orc hits you with a club.
The orc hits you with a hand axe. The goblin closely misses you.
The orc wizard hits you with a dagger. The goblin misses you.
You hit the orc wizard. You freeze the orc wizard.
The orc wizard is severely wounded.
The orc hits you with a club. The goblin barely misses you.
The orc wizard mumbles some strange words.
The orc wizard seems to speed up.
The goblin closely misses you. The orc barely misses you.
You hit the orc wizard.
The orc wizard looks slightly unstable.
The orc wizard is almost dead.
The orc closely misses you.
The orc wizard hits you but does no damage.
The goblin hits you. The goblin barely misses you. The orc closely misses you.
You hit the orc wizard but do no damage.
The orc wizard is almost dead.
The orc wizard stops moving altogether!
The orc barely misses you. The goblin completely misses you.
The orc barely misses you.
You hit the orc wizard.
The orc wizard is almost dead.
The orc wizard disappears!
The orc hits you with a club.
The goblin unwields an uncursed hunting sling.
The goblin closely misses you. The goblin barely misses you.
The goblin hits you. The orc completely misses you.
The goblin barely misses you.
The goblin wields an uncursed hunting sling.
The goblin shoots a stone.
The stone closely misses you.
The goblin wields an uncursed hunting sling.
The goblin shoots a stone.
The stone hits you!
You die... "Huh?
Did I miss anything?"

.#.....###+##............*,
, ........##.##.......#...,
, ........##.##........(..,
, ........##..............,
, .#...........%#..........
,
..............######......
, ..............#
#.........
.........#.##'###.......#
..........#....@.go....#
.......#.#......og....#
......#.#............###.#
.............###g........
......................
....................
.≈.≈≈..≈.≈≈....≈.≈≈
≈≈≈≈≈≈≈≈≈≈.....≈≈≈
≈≈≈≈≈≈......≈≈


You could see 2 orcs and 3 goblins.

Table legend:
 A = Kills in this place as a percentage of kills in entire the game.
 B = Kills by you in this place as a percentage of kills by you in the entire game.
 C = Kills by friends in this place as a percentage of kills by friends in the entire game.
 D = Other kills in this place as a percentage of other kills in the entire game.
 E = Experience gained in this place as a percentage of experience gained in the entire game.
 F = Experience gained in this place divided by the number of levels of this place that you have seen.
                   A       B       C       D       E      F
               +-------+-------+-------+-------+-------+----------------------
         Total | 100.0 | 100.0 |  -nan |  -nan | 100.0 |  95.0
       Dungeon | 100.0 | 100.0 |  -nan |  -nan | 100.0 |  95.0
               +-------+-------+-------+-------+-------+----------------------

Vanquished Creatures
  The ghost of UristMcMason the Gusty, an average TeAE (D:3)
  4 adders
  A worm (D:2)
  3 giant geckos (D:1)
  An ooze (D:2)
  8 goblins
  4 hobgoblins
  6 jackals
  A jackal (shapeshifter) (D:2)
  2 quokkas (D:2)
  8 bats
  2 giant cockroaches
  5 giant newts
  4 rats
50 creatures vanquished.

Vanquished Creatures (others)
  A bat zombie (D:2)
1 creature vanquished.

Grand Total: 51 creatures vanquished

Action                   |  1- 3 |  4- 6 || total
-------------------------+-------+-------++-------
Melee: Falchion          |   141 |    64 ||   205
 Stab: Invisible         |     1 |       ||     1
       Sleeping          |     1 |       ||     1

Vault maps used:
D:1:      kb_arrival_jail
D:2:      nicolae_overflow_hidden_temple, corexii_item_surrounded_by_moat,
          bh_walls_and_bars
D:3:      minmay_goblin_kobold_castle, grunt_temple_overflow_magic_moments,
          makhleb_altar_promises_db, grunt_gozag_statues, first_bread,
          wad_rectangle_vault
